 Dungeon Crawl Stone Soup version 0.16-a0-2611-g6d04fdd (webtiles) character file.

50 Hedron the Chiller (level 3, 24/24 HPs)
             Began as a Merfolk Ice Elementalist on Nov 22, 2014.
             Quit the game on level 2 of the Dungeon.
             The game lasted 00:08:21 (2583 turns).

Hedron the Chiller (Merfolk Ice Elementalist)       Turns: 2583, Time: 00:08:21

Health: 24/24      AC:  4    Str:  8    XL:     3   Next: 79%
Magic:  6/6        EV: 13    Int: 15    God:
Gold:   118        SH:  0    Dex: 14    Spells: 3 memorised, 0 levels left

rFire  . . .     SeeInvis .     e - +3 dagger (drain)
rCold  . . .     Clarity  .     a - +0 robe
rNeg   . . .     SustAb   .     (no shield)
rPois  +         Gourm    .     (no helmet)
rElec  .         Spirit   .     (no cloak)
rCorr  .         Warding  .     f - +1 pair of gloves
rMut   .         Stasis   .     (no boots)
MR     .....                    (no amulet)
Stlth  ++........               (no ring)
                                g - ring of poison resistance

@: not resistant to hostile enchantments, unstealthy
A: change form in water, swift swim
a: no special abilities


You were on level 2 of the Dungeon.
You were not hungry.

You visited 1 branch of the dungeon, and saw 2 of its levels.

You collected 118 gold pieces.

Inventory:

Hand weapons
 e - a +3 dagger of draining (weapon)
Armour
 a - a +0 robe (worn)
 f - a +1 pair of gloves (worn)
Jewellery
 g - a ring of poison resistance (left hand)
Scrolls
 i - a scroll of remove curse
 o - a scroll of blinking
Potions
 d - 2 potions of heal wounds
 j - a potion of resistance {unknown}
 l - a potion of restore abilities {unknown}
 m - a potion of curing {unknown}
 q - a potion of cure mutation {unknown}
 s - a potion of agility {unknown}
 t - a potion of brilliance {unknown}
Books
 b - a book of Frost

   Spells                             Type                      Level
   *Freeze                            Ice                          1
   *Throw Frost                       Conjuration/Ice              2
   *Ozocubu's Armour                  Charms/Ice                   3
   Throw Icicle                       Conjuration/Ice              4
   Summon Ice Beast                   Ice/Summoning                4
   Condensation Shield                Ice                          4
Comestibles
 c - 2 bread rations
 k - 2 meat rations


   Skills:
 - Level 2.6 Dodging
 - Level 2.1 Stealth
 - Level 2.0 Spellcasting
 - Level 0.7 Conjurations
 + Level 5.0 Ice Magic


You couldn't memorise any spells.
You knew the following spells:

 Your Spells              Type           Power        Failure   Level  Hunger
a - Freeze                Ice            ###.         2%          1    #......
b - Throw Frost           Conj/Ice       ##....       12%         2    ###....
c - Ozocubu's Armour      Chrm/Ice       #.......     24%         3    ###....


Dungeon Overview and Level Annotations

Branches:
Dungeon (2/15)

Altars:
Kikubaaqudgha


Message History

As you read the scroll labeled HODAOQIGOR, it crumbles to dust.
It is a scroll of enchant armour.
Enchant which item? (? for menu, Esc to quit)
Your +0 pair of gloves glows green for a moment.
You see here 27 arrows.
An ooze comes into view.
You hit the ooze. You drain the ooze!
The ooze is heavily wounded.
The ooze hits you but does no damage.
You hit the ooze.
The ooze is almost dead.
The ooze hits you but does no damage.
You hit the ooze. You drain the ooze!
You kill the ooze!
There is a stone staircase leading down here.
You start waiting.
Done waiting.
There is a stone staircase leading down here.
Okay, then.
Are you sure you want to abandon this character and quit the game? (Confirm with "yes".)

###.####....#....# #.# #.#
#....#....# #.#
#.####....#....# #.#
#.........#....###.#
#.........##.......#
###.........##...#########
............##...........#
########....###..#######.#
................@##....#.#
########....#######.##.#.#
...........#.........#.#.#
########.#...######..#.#.#
#.#.########..#.#.# ####
#.#...........#.#.# ...#
#.##########.##.#.#
...#####...<........##.#.#
...##........#########.#.#


There were no monsters in sight!

Vanquished Creatures
  An adder (D:2)
  A giant mite (D:1)
  A giant gecko (D:2)
  2 oozes (D:2)
  5 bats (D:1)
  2 hobgoblins (D:2)
  5 jackals (D:2)
  3 giant newts
  4 goblins
  2 kobolds (D:2)
  7 rats
33 creatures vanquished.

Notes
Turn   | Place    | Note
--------------------------------------------------------------
     0 | D:1      | Hedron, the Merfolk Ice Elementalist, began the quest for the Orb.
     0 | D:1      | Reached XP level 1. HP: 13/13 MP: 3/3
   479 | D:1      | Reached XP level 2. HP: 14/19 MP: 0/4
   565 | D:1      | Learned a level 2 spell: Throw Frost
   584 | D:1      | Reached skill level 4 in Ice Magic
  1416 | D:2      | Reached XP level 3. HP: 16/24 MP: 1/6
  1548 | D:2      | Learned a level 3 spell: Ozocubu's Armour
  1646 | D:2      | Found an ancient bone altar of Kikubaaqudgha.
  1918 | D:2      | Reached skill level 5 in Ice Magic
  2583 | D:2      | Quit the game

Action                   || total
-------------------------++-------
Melee: Dagger            ||    32
 Cast: Freeze            ||    32
       Ozocubu's Armour  ||     1
  Use: Scroll            ||     6
 Stab: Distracted        ||     1
  Eat: Chunk             ||     6
